 Dungeon Crawl Stone Soup version 0.30.0-30-g96aa6591b8 (webtiles) character file.

Game seed: 9258155932275153696

55720 croobank the Summoner (level 14, -1/85 HPs)
             Began as an Octopode Fire Elementalist on June 27, 2023.
             Was a High Priest of Hepliaklqana.
             Slain by a polar bear (2 damage)
             ... on level 5 of the Lair of Beasts.
             The game lasted 01:15:45 (20932 turns).

croobank the Summoner (Octopode Fire Elementalist) Turns: 20932, Time: 01:15:46

Health: -1/85      AC:  3    Str:  9    XL:     14   Next: 78%
Magic:  27/27      EV: 23    Int: 23    God:    Hepliaklqana [*****.]
Gold:   447        SH:  0    Dex: 18    Spells: 7/31 levels left

rFire   + . .        I - +5 hand axe
rCold   . . .        (no shield)
rNeg    . . .        T - +2 hat
rPois   +            C - amulet of magic regeneration
rElec   .            t - +6 ring of dexterity
rCorr   .            X - ring of poison resistance
SInv    +            Y - ring of Beogh's Esteem {Str+2 SInv}
Will    +....        A - +5 ring of evasion
Stlth   ++++++       K - ring of flight
HPRegen 0.34/turn    u - ring of protection from fire
MPRegen 0.60/turn    (no ring)
                     (no ring)

%: no passive effects
@: flying
A: reduced essence, almost no armour, amphibious, 8 rings, camouflage 1,
gelatinous body 1, (nimble swimmer 1), tentacles
a: Renounce Religion, Recall Ancestor, Ancestor Identity, Transference, Idealise


You were on level 5 of the Lair of Beasts.
You worshipped Hepliaklqana.
Hepliaklqana was extremely pleased with you.
You visited 3 branches of the dungeon, and saw 19 of its levels.
You also visited: Bailey and Ice Cave.

You collected 1430 gold pieces.
You spent 983 gold pieces at shops.

Inventory:

Hand Weapons
 m - a +3 scythe of freezing
 y - the +8 whip "Snakebite" {venom, curare, rPois}
   (You found it on level 4 of the Lair of Beasts)

   rPois:     It protects you from poison.
 D - the +12 quarterstaff of Neurosis {freeze, Int+3}
   (You found it on level 7 of the Dungeon)

   Int:       It affects your intelligence (+3).
 I - a +5 hand axe (weapon)
 Z - a +2 antimagic trident
Missiles
 n - 2 throwing nets
 q - 29 poisoned darts
Armour
 x - a +0 kite shield of cold resistance
 T - a +2 hat (worn)
Jewellery
 i - the ring of Jusuwkia {Fire rN+ Will- Int-2 Dex+6}
   (You found it on level 4 of the Lair of Beasts)

   [ring of fire]

   It enhances your fire magic.
   Int:       It affects your intelligence (-2).
   Dex:       It affects your dexterity (+6).
   rF:        It protects you from fire.
   rC:        It makes you vulnerable to cold.
   rN:        It protects you from negative energy.
   Will:      It decreases your willpower.
 r - an amulet of regeneration
 t - a +6 ring of dexterity (left tentacle)
 u - a ring of protection from fire (on tentacle)
 A - a +5 ring of evasion (on tentacle)
 C - an amulet of magic regeneration (around mantle)
 K - a ring of flight (on tentacle)
 X - a ring of poison resistance (right tentacle)
 Y - the ring of Beogh's Esteem (on tentacle) {Str+2 SInv}
   (You bought it in a shop on level 6 of the Dungeon)

   [ring of see invisible]

   Str:       It affects your strength (+2).
   SInv:      It lets you see invisible.
Wands
 c - a wand of paralysis (9)
 f - a wand of digging (7)
 v - a wand of mindburst (4)
 z - a wand of flame (26)
 U - a wand of roots (4)
Scrolls
 a - a scroll of poison
 b - 2 scrolls of immolation
 d - 2 scrolls of fear
 e - 8 scrolls of teleportation
 k - 6 scrolls of identify
 o - a scroll of brand weapon
 B - a scroll of blinking
 G - a scroll of magic mapping
 P - 2 scrolls of amnesia
 Q - 2 scrolls of fog
 S - a scroll of vulnerability
Potions
 g - 3 potions of heal wounds
 h - 2 potions of berserk rage
 j - 2 potions of ambrosia
 l - 5 potions of attraction
 p - 2 potions of magic
 s - 2 potions of might
 w - 4 potions of lignification
 F - 6 potions of mutation
 H - a potion of cancellation
 J - 5 potions of haste
 V - 5 potions of curing
 W - 3 potions of flight
Miscellaneous
 M - a phantom mirror


   Skills:
 - Level 8.7 Fighting
 - Level 8.1 Dodging
 - Level 11.2 Stealth
 * Level 9.2 Spellcasting
 - Level 7.9 Conjurations
 - Level 5.0 Hexes
 + Level 11.5 Summonings
 - Level 8.3 Fire Magic
 - Level 8.1 Invocations


You had 7 spell levels left.
You knew the following spells:

 Your Spells              Type           Power      Damage    Failure   Level
a - Foxfire               Conj/Fire      100%       2x1d9     1%          1
b - Scorch                Fire           98%        2d9       1%          2
c - Flame Wave            Conj/Fire      48%        2d12      2%          4
d - Inner Flame           Hex/Fire       41%        N/A       1%          3
e - Blink                 Tloc           20%        N/A       10%         2
f - Summon Mana Viper     Hex/Summ       48%        N/A       5%          5
g - Monstrous Menagerie   Summ           29%        N/A       41%         7

Your spell library contained the following spells:

 Spells                   Type           Power      Damage    Failure   Level
 Shock                    Conj/Air       100%       1d9       1%          1
 Momentum Strike          Conj/Tloc      56%        3d9       1%          2
 Call Canine Familiar     Summ           59%        N/A       1%          3
 Dazzling Flash           Conj/Hex       80%        N/A       1%          3
 Hailstorm                Conj/Ice       28%        3d8       3%          3
 Volatile Blastmotes      Fire/Tloc      58%        2d14      3%          3
 Summon Ice Beast         Ice/Summ       37%        N/A       5%          4
 Freeze                   Ice            40%        1d6       6%          1
 Portal Projectile        Hex/Tloc       44%        N/A       7%          3
 Cause Fear               Hex            16%        N/A       8%          4
 Lesser Beckoning         Tloc           20%        N/A       10%         2
 Iskenderun's Mystic Bla  Conj/Tloc      28%        2d7       12%         4
 Frozen Ramparts          Ice            20%        1d4       19%         3
 Swiftness                Air            10%        N/A       19%         3
 Anguish                  Hex/Necr       11%        N/A       22%         4
 Leda's Liquefaction      Hex/Erth       11%        N/A       22%         4
 Starburst                Conj/Fire      24%        6d8       32%         6
 Airstrike                Air            5%         2d(1-17)  52%         4
 Ice Form                 Ice/Tmut       10%        N/A       52%         4
 Manifold Assault         Tloc           10%        N/A       52%         4
 Passage of Golubria      Tloc           10%        N/A       52%         4
 Silence                  Hex/Air        11%        N/A       52%         5
 Simulacrum               Ice/Necr       5%         N/A       100%        6
 Enfeeble                 Hex            16%        N/A       100%        7
 Storm Form               Tmut/Air       5%         N/A       100%        7
 Lehudib's Crystal Spear  Conj/Erth      14%        10d5      100%        8


Dungeon Overview and Level Annotations

Branches:
Dungeon (13/15)            Temple (1/1) D:4            Lair (4/5) D:9
 Shoals (0/4) Lair:3       Spider (0/4) Lair:3        Slime (0/5) Lair:4
    Orc (0/2) D:9          Bailey (visited)           IceCv (visited)
 Vaults: D:13-14

Altars:
Ashenzari
Cheibriados
Dithmenos
Elyvilon
Fedhas
Gozag
Hepliaklqana
Kikubaaqudgha
Makhleb
Nemelex Xobeh
Okawaru
Qazlal
Ru
Sif Muna
Trog
Uskayaw
Vehumet
Wu Jian
Xom
Yredelemnul
Zin
The Shining One
Jiyva

Shops:
D:2 [   D:4 *   D:5 [   D:6 ?[=   D:10 :   D:11 !   D:12 !

Annotations:
D:8 2 transporters
Lair:3 1 runed translucent door, Dadbod's ghost, journeyman DjFE


Innate Abilities, Weirdness & Mutations

Your life essence is reduced to manifest your ancestor. (-10% HP)
You cannot wear most types of armour.
You are amphibious.
You can wear up to eight rings at the same time.
Your skin changes colour to match your surroundings (Stealth+).
Your rubbery body absorbs attacks. (AC +1, EV +1)
((You are camouflaged when in or above water. (Stealth+)))
You have tentacles for arms and can constrict up to eight enemies at once.


Message History

The polar bear is severely wounded.
Your mana viper bites the yak!
Your mana viper bites the yak.
The polar bear misses you. The polar bear claws you.
The polar bear closely misses you. The yak closely misses your mana viper.
You hit the polar bear.
You squeeze the polar bear, but do no damage.
The polar bear is severely wounded.
Your mana viper bites the yak.
The polar bear goes berserk!
The yak gores your mana viper!
Your mana viper bites the yak!
You hit the polar bear but do no damage.
Your squeeze misses the polar bear.
The polar bear is severely wounded.
The polar bear bites you!! The polar bear claws you. x2
Your mana viper bites the yak!
The yak gores your mana viper. The polar bear barely misses you.
The polar bear claws you. The polar bear misses you.
Your mana viper bites the yak!
You hit the polar bear but do no damage.
Your squeeze misses the polar bear.
The polar bear is severely wounded.
The polar bear bites you!
The polar bear claws you but does no damage.
The polar bear closely misses you.
Your mana viper bites the yak!
The polar bear completely misses you. The polar bear closely misses you.
The polar bear claws you.
Your mana viper barely misses the yak.
You barely miss the polar bear.
The polar bear is severely wounded.
The polar bear barely misses you. x2; The polar bear closely misses you.
Your mana viper bites the yak!!
The yak dies!
The yak gores your mana viper! The polar bear bites you!
* * * LOW HITPOINT WARNING * * *
The polar bear misses you. x2
You closely miss the polar bear.
The polar bear is severely wounded.
Your mana viper bites the yak.
The polar bear bites you!!
* * * LOW HITPOINT WARNING * * *
The polar bear completely misses you. The polar bear closely misses you.
The yak gores your mana viper.
Your mana viper bites the yak!
The polar bear closely misses you. The polar bear claws you.
You die...

...♣# #...#........
..P♣.##............
.Y..........#.#....
..................
................#
..............P.#
...............#
......P......YY###
.............YYh@#
..............S###
P....♣.........#
..............#
♣.♣.....#.....#
♣#......#....P#
♣..######.....P
....# #...... #..P#
......


You could see a polar bear (berserk), 4 yaks and a friendly mana viper
(summoned).

Vanquished Creatures
  A reaper (IceCv)
  Snorg (D:11)
  A hydra (Lair:4)
  An ice dragon (Lair:4)
  A boulder beetle (D:9)
  A two-headed ogre (D:12)
  Sonja (D:11)
  2 deep elf pyromancers
  An orc knight (Bailey)
  A cyclops (D:10)
  A manticore (D:11)
  A torpor snail (Lair:3)
  A merfolk siren (Lair:3)
  A black mamba (Lair:2)
  2 cane toads
  3 unseen horrors
  Psyche (D:11)
  A komodo dragon (Lair:2)
  7 ice devils
  A kobold demonologist (D:12)
  3 rime drakes
  3 anaconda simulacra (IceCv)
  A polar bear (Lair:1)
  A merfolk (Lair:3)
  A polar bear (shapeshifter) (D:13)
  11 blink frogs
  2 slime creatures (D:12)
  A water elemental (D:12)
  2 shadows
  10 yaks
  A basilisk (Lair:4)
  2 wraiths
  A steam dragon (D:8)
  A harpy simulacrum (IceCv)
  A warg (D:9)
  7 water moccasins
  An acid dragon (D:10)
  6 orc warriors
  2 sky beasts
  A black mamba simulacrum (Lair:4)
  An ogre (D:7)
  5 bullfrogs
  A gnoll sergeant (D:10)
  3 scorpions
  7 wights
  A dream sheep simulacrum (Lair:4)
  An elephant simulacrum (IceCv)
  5 killer bees
  2 howler monkeys
  5 electric eels (D:12)
  A nameless horror (Lair:3)
  A torpor snail simulacrum (Lair:4)
  A komodo dragon simulacrum (Lair:4)
  A hound (D:4)
  3 jellies (Lair:4)
  2 gnoll boudas
  4 orc priests
  Ijyb (D:4)
  8 orc wizards
  5 iguanas
  3 gnolls
  9 adders
  4 white imps
  2 worms
  3 dart slugs
  24 orcs
  10 ball pythons
  5 endoplasms
  7 goblins
  2 hobgoblins (D:1)
  3 jackals (D:2)
  2 quokkas
  4 bats
  2 frilled lizards
  13 kobolds
  3 rats
242 creatures vanquished.

Vanquished Creatures (collateral kills)
  The ghost of SwinebobAirpants the Eclecticist, a journeyman DjCj of Makhleb (Lair:4)
  A hydra (Lair:3)
  4 two-headed ogres
  A boulder beetle (Lair:4)
  Nergalle (Lair:2)
  A cyclops (D:11)
  2 ice statues (IceCv)
  2 black mambas
  2 cane toads
  A komodo dragon (Lair:2)
  2 rime drakes (Lair:4)
  An ice devil (IceCv)
  2 anaconda simulacra (IceCv)
  A troll (D:12)
  3 blink frogs
  2 wyverns
  2 water elementals (D:12)
  2 dire elephant simulacra (IceCv)
  A basilisk (Lair:4)
  13 yaks
  A wraith (D:12)
  A steam dragon (D:8)
  A harpy simulacrum (IceCv)
  A warg (D:9)
  A hydra simulacrum (IceCv)
  6 water moccasins
  6 orc warriors
  2 black bears
  An ice beast (D:7)
  An ogre (D:7)
  3 kobold brigands
  4 bullfrogs
  4 scorpions (Lair:3)
  6 wights
  A dream sheep simulacrum (Lair:4)
  4 elephant simulacra
  6 killer bees
  3 howler monkeys
  An electric eel (D:12)
  A komodo dragon simulacrum (Lair:4)
  2 hounds
  An orc priest (D:8)
  An iguana (D:7)
  8 orc wizards
  4 adders
  4 gnolls
  A white imp (D:8)
  2 worms (Lair:3)
  18 orcs
  A giant cockroach (Lair:3)
  2 goblins (D:8)
  4 kobolds (D:7)
  5 foxfires
152 creatures vanquished.

Vanquished Creatures (others)
  A rime drake (Lair:4)
  13 battlemagi
  An ancestor (D:5)
  A goblin (D:8)
  911 foxfires
927 creatures vanquished.

Grand Total: 1321 creatures vanquished

Notes
Turn   | Place    | Note
-------+----------+-------------------------------------------
     0 | D:1      | croobank the Octopode Fire Elementalist began the quest for
                  | the Orb.
     0 | D:1      | Reached XP level 1. HP: 11/11 MP: 3/3
   190 | D:1      | You fall into a shaft and drop 1 floor!
   204 | D:2      | Reached XP level 2. HP: 17/17 MP: 1/5
   248 | D:2      | Learned a level 2 spell: Scorch
   401 | D:2      | Reached XP level 3. HP: 21/21 MP: 1/6
  1140 | D:2      | Reached XP level 4. HP: 24/27 MP: 7/7
  1507 | D:2      | Found Quak's Antique Armour Emporium.
  2339 | D:3      | Found a faded altar of an unknown god.
  2453 | D:4      | Reached XP level 5. HP: 18/31 MP: 7/9
  2476 | D:4      | Learned a level 4 spell: Flame Wave
  2538 | D:4      | Found a staircase to the Ecumenical Temple.
  2587 | Temple   | Entered the Ecumenical Temple
  2668 | Temple   | Became a worshipper of Hepliaklqana the Forgotten
  2811 | D:4      | Found a broken altar of Ashenzari.
  3154 | D:4      | Found Vepyg's Assorted Antiques.
  3159 | D:4      | Bought an ivory ring for 100 gold pieces
  3159 | D:4      | Bought a scroll labelled HAELAD ZESOTY for 20 gold pieces
  3159 | D:4      | Bought a brown potion for 18 gold pieces
  3215 | D:4      | Noticed Ijyb
  3220 | D:4      | Paralysed by Ijyb for 4 turns
  3226 | D:4      | Killed Ijyb
  3472 | D:5      | Entered Level 5 of the Dungeon
  3472 | D:5      | Reached * piety under Hepliaklqana
  3509 | D:5      | Reached skill level 1 in Fighting
  3509 | D:5      | Reached XP level 6. HP: 34/34 MP: 3/10
  3576 | D:5      | Reached skill level 1 in Invocations
  3700 | D:5      | Found Daniel's Dragon-Slaying Spoils.
  4369 | D:6      | Found Xitaus's Jewellery Boutique.
  4400 | D:6      | Found a white marble altar of Elyvilon.
  4665 | D:6      | Reached ** piety under Hepliaklqana
  4667 | D:6      | Remembered your ancestor Appia as a battlemage
  4711 | D:6      | Found Moaptim's Magic Scroll Shop.
  4755 | D:6      | Bought 3 scrolls of identify for 60 gold pieces
  4755 | D:6      | Bought a scroll of identify for 20 gold pieces
  4755 | D:6      | Bought a scroll of identify for 20 gold pieces
  4755 | D:6      | Bought a scroll of identify for 20 gold pieces
  4873 | D:6      | Noticed a sky beast
  4878 | D:6      | Killed a sky beast
  4879 | D:6      | Reached skill level 5 in Stealth
  4879 | D:6      | Reached XP level 7. HP: 40/40 MP: 6/11
  4899 | D:6      | Identified the staff of air "Fasut" {Contam Fly rElec
                  | Dex+4}
  4963 | D:6      | Found an iron altar of Okawaru.
  5107 | D:6      | Found Elilaog's Armour Shop.
  5410 | D:7      | Reached XP level 8. HP: 24/46 MP: 2/13
  5413 | D:7      | HP: 1/47 [killer bee (10)]
  5744 | D:7      | Identified the +12 quarterstaff of Neurosis {freeze, Int+3}
  5862 | D:7      | Found a bloodstained altar of Trog.
  5986 | D:7      | Reached skill level 5 in Fighting
  5986 | D:7      | Reached skill level 5 in Fire Magic
  5986 | D:7      | Reached XP level 9. HP: 52/54 MP: 12/15
  6628 | D:7      | Found a sacrificial altar of Ru.
  6628 | D:7      | Found a basalt altar of Yredelemnul.
  6754 | D:7      | Reached skill level 5 in Dodging
  7229 | D:8      | Learned a level 3 spell: Inner Flame
  7270 | D:8      | Found a flagged portal.
  7364 | D:8      | Reached skill level 1 in Hexes
  7364 | D:8      | Reached XP level 10. HP: 38/62 MP: 11/17
  7445 | Bailey   | Entered a bailey
  7445 | Bailey   | Reached *** piety under Hepliaklqana
  7466 | Bailey   | Reached skill level 5 in Conjurations
  7594 | Bailey   | Reached skill level 5 in Spellcasting
  7610 | Bailey   | Noticed an orc knight
  7620 | Bailey   | Killed an orc knight
  7621 | Bailey   | Reached skill level 5 in Invocations
  7734 | Bailey   | Found a large runed translucent door.
  7734 | Bailey   | Found a large runed translucent door.
  7735 | Bailey   | Noticed a deep elf pyromancer
  7757 | Bailey   | Killed a deep elf pyromancer
  7871 | Bailey   | Identified the +6 scale mail of Disappointment {Harm Fly
                  | rN+ rCorr}
  8006 | D:8      | Found a transporter.
  8013 | D:8      | Noticed a kobold demonologist
  8019 | D:8      | Noticed a kobold demonologist
  8025 | D:8      | Found a transporter.
  8081 | D:8      | Found a shimmering altar of Xom.
  8082 | D:8      | Found a sparkling altar of Nemelex Xobeh.
  8807 | D:8      | Found a stormy altar of Qazlal.
  9603 | D:9      | Reached **** piety under Hepliaklqana
  9719 | D:9      | Found a staircase to the Lair.
  9796 | D:9      | Reached XP level 11. HP: 67/67 MP: 12/19
  9867 | D:9      | Found a staircase to the Orcish Mines.
  9895 | D:9      | Noticed a boulder beetle
  9907 | D:9      | Killed a boulder beetle
 10576 | D:10     | Entered Level 10 of the Dungeon
 10809 | D:10     | Reached skill level 5 in Hexes
 11075 | D:10     | Noticed a two-headed ogre
 11083 | D:10     | Killed a two-headed ogre
 11318 | D:10     | Found Xenaz's Book Boutique.
 11602 | D:10     | Noticed a cyclops
 11606 | D:10     | Killed a cyclops
 11901 | D:10     | Noticed a two-headed ogre
 11908 | D:10     | Killed a two-headed ogre
 12644 | D:11     | Noticed Sonja
 12647 | D:11     | Killed Sonja
 12648 | D:11     | Noticed a cyclops
 12654 | D:11     | Killed a cyclops
 12770 | D:11     | Found Zudourch's Distillery.
 12859 | D:11     | Bought a potion of flight for 42 gold pieces
 13000 | D:6      | Bought a ring of poison resistance for 220 gold pieces
 13000 | D:6      | Bought the ring of Beogh's Esteem {Str+2 SInv} for 288 gold
                  | pieces
 13258 | D:11     | Noticed a manticore
 13263 | D:11     | Killed a manticore
 13319 | D:11     | Noticed Snorg
 13323 | D:11     | Noticed a two-headed ogre
 13355 | D:11     | Killed Snorg
 13356 | D:11     | Reached skill level 10 in Stealth
 13356 | D:11     | Reached XP level 12. HP: 61/73 MP: 10/21
 13669 | D:11     | Killed a two-headed ogre
 14017 | D:11     | Reached ***** piety under Hepliaklqana
 14063 | D:11     | Noticed Psyche
 14068 | D:11     | Killed Psyche
 14138 | D:12     | Noticed a two-headed ogre
 14145 | D:12     | Killed a two-headed ogre
 14644 | D:12     | Found Etunuku Ucko's Distillery.
 14644 | D:12     | Noticed a two-headed ogre
 14648 | D:12     | Killed a two-headed ogre
 14851 | D:12     | Bought a potion of heal wounds for 80 gold pieces
 16363 | D:6      | Bought a scroll of brand weapon for 95 gold pieces
 16464 | Lair:1   | Entered Level 1 of the Lair of Beasts
 16943 | Lair:1   | Learned a level 2 spell: Blink
 17145 | Lair:1   | Reached skill level 1 in Summonings
 17149 | Lair:1   | Reached XP level 13. HP: 48/80 MP: 18/24
 17600 | Lair:2   | Noticed Nergalle
 17606 | Lair:2   | Killed Nergalle
 17607 | Lair:2   | Reached skill level 5 in Summonings
 17790 | Lair:2   | Reached XP level 14. HP: 85/85 MP: 24/26
 17824 | Lair:2   | Learned a level 5 spell: Summon Mana Viper
 18077 | Lair:3   | Found a hole to the Spider Nest.
 18175 | Lair:3   | Found a runed translucent door.
 18176 | Lair:3   | Found a shimmering altar of Xom.
 18176 | Lair:3   | Noticed Dadbod's ghost (journeyman DjFE)
 18176 | Lair:3   | Identified the +8 quarterstaff of Spite {chaos, *Noise
                  | rPois Int+6}
 18313 | Lair:3   | Found a staircase to the Shoals.
 18884 | Lair:4   | Noticed SwinebobAirpants's ghost (journeyman DjCj)
 18908 | Lair:4   | Found a runed translucent gate.
 18908 | Lair:4   | Found a runed translucent gate.
 18908 | Lair:4   | Found a runed translucent gate.
 18933 | Lair:4   | Found a staircase to the Slime Pits.
 18959 | Lair:4   | Killed SwinebobAirpants's ghost
 19070 | Lair:4   | Got the ring of Jusuwkia {Fire rN+ Will- Int-2 Dex+6}
 19177 | Lair:4   | Found a frozen archway.
 19196 | IceCv    | Entered an ice cave
 19210 | IceCv    | Reached skill level 10 in Summonings
 19596 | IceCv    | Noticed a reaper
 19606 | IceCv    | Killed a reaper
 20264 | Lair:4   | Learned a level 7 spell: Monstrous Menagerie
 20759 | Lair:4   | Found the +8 whip "Snakebite" {venom, curare, rPois}
 20818 | Lair:4   | Found a viscous altar of Jiyva.
 20902 | Lair:4   | You are sucked into a shaft and drop 1 floor!
 20902 | Lair:5   | Entered Level 5 of the Lair of Beasts
 20932 | Lair:5   | HP: 1/85 [polar bear (24)]
 20932 | Lair:5   | Slain by a polar bear

Illustrated notes

Levels and vault maps discovered:
D:1:      roderic_chinese_lattice_arrival, layout_basic, serial_park_tiny_2
D:2:      layout_basic, serial_shops, shop, serial_park_tiny_pond,
          serial_bayou_crossing
D:3:      layout_basic, shapermc_ecumenical_altar_mp_vishouse,
          chequers_serial_rivers_micro_a
D:4:      wander_river, layout_gridville, cheibrodos_ashenzari_chains,
          minmay_temple_entry_junction_2, serial_shops,
          nicolae_shop_tiny_waterfront, uniq_ijyb
D:5:      layout_gridville, minmay_misc_feat_ornament, grunt_decor_cap,
          nicolae_shop_dragon_depot
D:6:      layout_rooms, elyvilon_altar_5, kennysheep_okawaru_gauntlet,
          serial_shops, nicolae_shop_peninsula, shop, nicolae_stop_n_shop_1
D:7:      layout_layer_cave, trog_butcher_becter, jmf_multi_god_temple,
          hangedman_decor_diamond_cutter
D:8:      gammafunk_wand_slinger, layout_basic,
          mainiacjoe_overflow_concentric_impassable,
          chequers_temple_overflow_statue_of_worship, enter_bailey_5
D:9:      layout_irregular_city, erik_lair_orcish_takeover, orc_0_dummy
D:10:     layout_grid_maze, serial_shops, nicolae_shop_back_alley_shop
D:11:     layout_basic, serial_shops, shop, uniq_sonja, uniq_psyche, uniq_snorg
D:12:     layout_basic, serial_shops, nicolae_shop_advertising_works
          [nicolae_subvault_shop_adworks]
D:13:     layout_stronghold, serial_co_window_serial, co_window_paths_b,
          co_window_of_opportunity_a, co_window_paths_b, co_window_corner_a,
          co_window_of_opportunity_a, co_window_of_opportunity_a,
          co_window_corner_a, co_window_corner_b, co_window_unsneaky_path_d,
          co_window_of_opportunity_c, co_window_corner_b,
          co_window_unsneaky_path_c, co_window_unsneaky_path_d,
          co_window_of_opportunity_b, co_window_paths_e, glass_columns_a
Temple:   nicolae_temple_figure_eight
Lair:1:   layout_misc_corridors, dreamdust_gnoll_shepherd, grunt_megastairs_2,
          serial_bayou_shore_a
Lair:2:   layout_concentric_octagons, uniq_nergalle
Lair:3:   layout_regular_city, elwin_shoals_entry_rooms,
          nicolae_spider_entry_non_spiders, ebering_ghost_xom,
          chequers_serial_rivers_large_a
Lair:4:   minmay_guarded_unrand_snakebite, layout_regular_city,
          nicolae_slime_entry_field_trip, portal_ice_cave_demonic_guard,
          gammafunk_ghost_icy, nzn_sisyphean_effort
Lair:5:   hangedman_lair_caniforms_friends, layout_cave_pods,
          hangedman_lair_tendril_chambers, grunt_forest_large_clearing_hut

Skill      XL: |  1  2  3  4  5  6  7  8  9 10 11 12 13 14 |
---------------+-------------------------------------------+-----
Stealth        | 3 4 5 6 7 8 10 11 | 11.2
Conjurations   | 2 3 4 5 6 7 |  7.9
Dodging        | 3 4 5 6 7 8 |  8.1
Fighting       | 1 2 3 5 6 7 8 |  8.7
Invocations    | 1 2 3 4 5 7 8 |  8.1
Spellcasting   | 3 4 5 6 7 8 9 |  9.2
Fire Magic     | 4 5 6 7 8 |  8.3
Hexes          | 1 4 5 |  5.0
Summonings     | 2 7 11 | 11.5

Action                     |  1- 3 |  4- 6 |  7- 9 | 10-12 | 13-15 || total
---------------------------+-------+-------+-------+-------+-------++-------
  Melee: Unarmed           |     5 |       |       |       |       ||     5
         Short sword       |    35 |    14 |       |       |       ||    49
         Tentacles         |     8 |     3 |     2 |    15 |    12 ||    40
         Constrict         |    11 |     5 |     2 |     1 |    11 ||    30
         Punch             |     1 |     1 |       |     3 |     2 ||     7
         Dagger            |       |       |    11 |       |       ||    11
         Hand axe          |       |       |       |    42 |    22 ||    64
         Quarterstaff      |       |       |       |     4 |    26 ||    30
   Fire: Sling             |       |    60 |    33 |       |       ||    93
   Cast: Foxfire           |    17 |    20 |    57 |   317 |   125 ||   536
         Scorch            |     7 |    32 |    36 |   100 |   109 ||   284
         Inner Flame       |       |       |       |    21 |     9 ||    30
         Flame Wave        |       |       |       |     4 |       ||     4
         Summon Mana Viper |       |       |       |       |    20 ||    20
 Invoke: Ancestor Life: Ba |       |     1 |       |       |       ||     1
         Idealise          |       |       |       |     1 |       ||     1
  Evoke: Wand              |       |       |       |     1 |     1 ||     2
         Phantom mirror    |       |       |       |     1 |       ||     1
    Use: Scroll            |       |    16 |     3 |    16 |     2 ||    37
         Potion            |       |       |     3 |     2 |     6 ||    11
   Stab: Sleeping          |     4 |     2 |     4 |     2 |     4 ||    16
 Armour: Skin              |     6 |     2 |       |     5 |    10 ||    23
  Dodge: Dodged            |    40 |    20 |    14 |   107 |   114 ||   295
  Block: Kite shield       |       |       |       |       |     1 ||     1
